 Dungeon Crawl Stone Soup version 0.30-a0-760-g5a9884bb7c (webtiles) character file.

Game seed: 10482514936309876685

13232 Aneyh the Warrior (level 12, -6/88 HPs)
             Began as a Tengu Monk on Feb 10, 2023.
             Was a High Priest of Hepliaklqana.
             Mangled by a black mamba (14 damage)
             ... on level 1 of the Lair of Beasts.
             The game lasted 00:33:41 (12759 turns).

Aneyh the Warrior (Tengu Monk)                     Turns: 12759, Time: 00:33:42

Health: -6/88      AC:  9    Str: 17    XL:     12   Next: 3%
Magic:  0/13       EV: 15    Int: 15    God:    Hepliaklqana [*****.]
Gold:   736        SH:  0    Dex: 16    Spells: 8/11 levels left

rFire   . . .      SeeInvis .    p - +0 glaive
rCold   . . .      Faith    .    (shield currently unavailable)
rNeg    . . .      Spirit   +    W - +0 acid dragon scales
rPois   .          Reflect  .    (helmet restricted)
rElec   .          Harm     .    t - +0 cloak
rCorr   +          Rampage  .    (no gloves)
Will    +....                    (boots unavailable)
Stlth   ++                       v - amulet of guardian spirit
HPRegen 0.34/turn                h - ring of willpower
MPRegen 0.13/turn                E - +6 ring of intelligence

@: lethally poisoned (-6 -> -28), flying quickly and evasively, quick
A: reduced essence, beak, talons 3, nimble flight, iridescent scales 1, dopey 1,
robust 1
a: Renounce Religion, Recall Ancestor, Ancestor Identity, Transference, Idealise


You were on level 1 of the Lair of Beasts.
You worshipped Hepliaklqana.
Hepliaklqana was extremely pleased with you.
You visited 2 branches of the dungeon, and saw 12 of its levels.

You collected 736 gold pieces.

Inventory:

Hand Weapons
 a - a +0 heavy spear
 b - a +0 shortbow
 p - a +0 glaive (weapon)
 M - a +2 great sword of freezing
 V - a +2 heavy morningstar
 Y - a +2 scimitar
Missiles
 c - 6 javelins
 H - 8 boomerangs
 Q - 19 poisoned darts
Armour
 t - a +0 cloak (worn)
 z - a +0 troll leather armour
 W - +0 acid dragon scales (worn)
Jewellery
 h - a ring of willpower (left hand)
 v - an amulet of guardian spirit (around neck)
 C - a ring of resist corrosion
 E - a +6 ring of intelligence (right hand)
 N - a +4 ring of protection
 S - a ring of resist corrosion
 Z - an amulet of regeneration
Wands
 r - a wand of iceblast (6)
 x - a wand of mindburst (3)
 B - a wand of quicksilver (12)
 J - a wand of polymorph (10)
 L - a wand of paralysis (5)
Scrolls
 d - 5 scrolls of poison
 e - 4 scrolls of teleportation
 f - 3 scrolls of identify
 i - 2 scrolls of enchant weapon {unknown}
 j - a scroll of amnesia {unknown}
 l - 3 scrolls of brand weapon
 n - 2 scrolls of acquirement {unknown}
 o - 2 scrolls of butterflies {unknown}
 q - 2 scrolls of vulnerability {unknown}
 u - a scroll of noise {unknown}
 w - a scroll of fog {unknown}
 y - 2 scrolls of immolation {unknown}
 G - a scroll of blinking {unknown}
 K - 4 scrolls of magic mapping
 R - a scroll of fear {unknown}
 T - a scroll of silence {unknown}
Potions
 g - 3 potions of curing
 k - a potion of might
 m - 3 potions of haste
 s - a potion of brilliance {unknown}
 A - 2 potions of cancellation
 D - 2 potions of heal wounds
 F - a potion of berserk rage {unknown}
 I - 2 potions of flight {unknown}
 P - a potion of resistance {unknown}
 U - a potion of ambrosia
 X - a potion of invisibility {unknown}


   Skills:
 + Level 15.4 Fighting
 - Level 10.0 Polearms
 - Level 3.0 Ranged Weapons
 - Level 3.2 Dodging
 - Level 2.0 Stealth
 - Level 8.0 Summonings


You had 8 spell levels left.
You knew the following spells:

 Your Spells              Type           Power      Damage    Failure   Level
a - Summon Guardian Gole  Hex/Summ       12%        N/A       22%         3

Your spell library contained the following spells:

 Spells                   Type           Power      Damage    Failure   Level
 Shock                    Conj/Air       0%         1d3       36%         1
 Slow                     Hex            0%         N/A       36%         1
 Blink                    Tloc           0%         N/A       50%         2
 Ensorcelled Hibernation  Hex/Ice        0%         N/A       50%         2
 Passwall                 Tmut/Erth      0%         N/A       50%         2
 Animate Armour           Summ/Erth      24%        N/A       56%         4
 Confusing Touch          Hex            0%         N/A       73%         3
 Stone Arrow              Conj/Erth      0%         3d7       73%         3
 Swiftness                Air            0%         N/A       73%         3
 Vampiric Draining        Necr           0%         2d6       73%         3
 Vhi's Electric Charge    Tloc/Air       0%         N/A       73%         3
 Airstrike                Air            0%         2d(0-16)  98%         4
 Manifold Assault         Tloc           0%         N/A       98%         4
 Arcjolt                  Conj/Air       0%         1d10      100%        5
 Orb of Destruction       Conj           0%         9d5       100%        7
 Spellforged Servitor     Conj/Summ      6%         N/A       100%        7
 Storm Form               Tmut/Air       0%         N/A       100%        7
 Lehudib's Crystal Spear  Conj/Erth      0%         10d2      100%        8
 Maxwell's Capacitive Co  Air            0%         ∞         100%        8


Dungeon Overview and Level Annotations

Branches:
Dungeon (11/15)            Temple (0/1) D:5            Lair (1/5) D:10
    Orc (0/2) D:10

Altars:
Ashenzari
Elyvilon
Fedhas
Hepliaklqana
Makhleb
Okawaru
Qazlal
Ru
Xom
Yredelemnul

Shops:
D:5 [   D:8 *:[(   D:11 [

Annotations:
D:7 2 transporters, equiv's ghost, novice DgFi


Innate Abilities, Weirdness & Mutations

Your life essence is reduced to manifest your ancestor. (-10% HP)
You have a beak for a mouth.
You have claws for feet.
Your magical nature lets you fly swiftly and evasively.
You are partially covered in iridescent scales. (AC +2)
You are dopey. (Int -2)
You are robust. (+10% HP)


Message History

A yak comes into view.
The black mamba bites you!
* * * LOW HITPOINT WARNING * * *
Rabi hits the yak with a +0 quarterstaff.
The black mamba bites you.
* * * LOW HITPOINT WARNING * * *
You are more poisoned.
The black mamba poisons you!
You feel much better.
* * * LOW HITPOINT WARNING * * *
You feel extremely sick.
The water moccasin bites your guardian golem.
The black mamba closely misses you.
The water moccasin bites your guardian golem but does no damage.
The yak is engulfed in blazing flames.
The yak misses you.
Okay, then.
Okay, then.
You feel better. The black mamba closely misses you.
Rabi points at the black mamba and mumbles some strange words.
The stone arrow hits the black mamba!
The black mamba bites you but does no damage.
The water moccasin bites your guardian golem.
The yak is engulfed in blazing flames.
The yak gores you but does no damage.
The water moccasin bites your guardian golem but does no damage.
The black mamba bites you!
* * * LOW HITPOINT WARNING * * *
You are poisoned.
The black mamba poisons you!
You barely miss the black mamba. Your peck misses the black mamba.
The black mamba is heavily wounded.
You feel very sick.
The water moccasin bites your guardian golem.
The black mamba bites you!
* * * LOW HITPOINT WARNING * * *
You are more poisoned.
The black mamba poisons you!
The yak is engulfed in blazing flames.
Rabi hits the black mamba with a +0 quarterstaff!
The water moccasin bites your guardian golem but does no damage.
The black mamba bites you!
You die...

##................
##...............P#
#................##
##...............+.
##...>.......P..+.
##...........PP.+.
#............#..+.
##...........#..+.
##@SR9S.... ##
#..Y°...... #
......○.☼.Y....
......°........
................
................
................
.......$........
...............


You could see the friendly Rabi the battlemage (sheltered), a black mamba (ally
target), 2 yaks, a water moccasin (ally target) and a friendly guardian golem
(summoned).

Vanquished Creatures
  2 cane toads (Lair:1)
  Maggie (D:9)
  2 trolls
  Sigmund (D:4)
  2 wyverns
  A wraith (D:9)
  10 yaks
  Edmund (D:4)
  A steam dragon (D:10)
  A water moccasin (D:6)
  An ice beast (D:7)
  2 ogres (D:6)
  2 centaurs
  A lemure (D:7)
  2 kobold brigands
  A bullfrog (D:8)
  A gnoll sergeant (D:9)
  3 scorpions
  A wight (D:7)
  6 killer bees
  A howler monkey (D:5)
  2 orc priests
  3 hounds
  A jelly (D:4)
  2 iguanas (D:6)
  Ijyb (D:3)
  3 orc wizards
  Robin (D:3)
  11 gnolls
  7 adders
  A shadow imp (D:6)
  2 white imps
  An ufetubus (D:5)
  2 worms
  3 dart slugs
  13 orcs
  4 ball pythons
  3 bats
  4 endoplasms
  A giant cockroach (D:4)
  19 goblins
  13 hobgoblins
  11 kobolds
  A quokka (D:3)
  2 frilled lizards
  4 rats
  A spectral orc (D:10)
159 creatures vanquished.

Vanquished Creatures (collateral kills)
  Pikel (D:7)
  Joseph (D:7)
  An unseen horror (D:11)
  A cane toad (Lair:1)
  A komodo dragon (Lair:1)
  A troll (D:11)
  2 basilisks (Lair:1)
  9 yaks
  3 steam dragons (D:8)
  An acid dragon (D:10)
  A water moccasin (D:6)
  5 ice beasts
  An ogre (D:5)
  A lemure (D:7)
  A kobold brigand (D:7)
  A bullfrog (D:6)
  2 necrophages
  2 scorpions
  A gnoll sergeant (D:6)
  4 killer bees
  A nameless horror (Lair:1)
  A howler monkey (D:6)
  A hound (D:6)
  An orc priest (D:7)
  Crazy Yiuf (D:3)
  6 orc wizards
  2 iguanas
  6 adders
  14 orcs
  A ball python (D:4)
  An endoplasm (D:4)
  A goblin (D:4)
  4 kobolds
  A butterfly (D:5)
81 creatures vanquished.

Vanquished Creatures (others)
  A boulder beetle (D:11)
  5 yaks
  A warg (D:10)
  An acid dragon (D:9)
  An orc warrior (D:10)
  A gnoll sergeant (D:10)
  7 wights
  3 killer bees (D:9)
  A jelly (D:7)
  An orc priest (D:8)
  2 gnolls (D:10)
  8 battlemagi
  2 orcs
  2 fungi (D:3)
36 creatures vanquished.

Grand Total: 276 creatures vanquished

Notes
Turn   | Place    | Note
-------+----------+-------------------------------------------
     0 | D:1      | Aneyh the Tengu Monk began the quest for the Orb.
     0 | D:1      | Reached XP level 1. HP: 14/14 MP: 2/2
   179 | D:1      | Reached XP level 2. HP: 19/19 MP: 3/3
  1243 | D:2      | Reached skill level 4 in Fighting
  1272 | D:2      | Reached XP level 3. HP: 24/24 MP: 4/4
  1862 | D:3      | Noticed Robin
  1961 | D:3      | Reached XP level 4. HP: 27/30 MP: 5/5
  2010 | D:3      | Killed Robin
  2011 | D:3      | Reached skill level 5 in Fighting
  2348 | D:3      | Found a runed translucent door.
  2353 | D:3      | Noticed Crazy Yiuf
  2482 | D:3      | Learned a level 3 spell: Summon Guardian Golem
  2652 | D:3      | Gained mutation: Your magical nature lets you fly swiftly
                  | and evasively. [Tengu growth]
  2652 | D:3      | Reached XP level 5. HP: 35/35 MP: 6/6
  2689 | D:3      | Found a shimmering altar of Xom.
  2779 | D:3      | Found a stormy altar of Qazlal.
  2949 | D:3      | Noticed Ijyb
  2959 | D:3      | Killed Ijyb
  2960 | D:3      | Reached skill level 1 in Summonings
  3059 | D:3      | Found a hazy altar of Hepliaklqana.
  3065 | D:3      | Became a worshipper of Hepliaklqana the Forgotten
  3065 | D:3      | Reached * piety under Hepliaklqana
  3065 | D:3      | Reached ** piety under Hepliaklqana
  3066 | D:3      | Remembered your ancestor Rabi as a battlemage
  3268 | D:3      | Killed Crazy Yiuf
  3335 | D:3      | Reached skill level 6 in Fighting
  3530 | D:4      | Noticed Edmund
  3552 | D:4      | Killed Edmund
  3553 | D:4      | Reached XP level 6. HP: 17/37 MP: 7/7
  3780 | D:4      | Noticed Sigmund
  3783 | D:4      | Killed Sigmund
  3784 | D:4      | Reached skill level 7 in Fighting
  3784 | D:4      | Reached XP level 7. HP: 38/43 MP: 6/8
  3931 | D:4      | Found a sacrificial altar of Ru.
  4382 | D:5      | Entered Level 5 of the Dungeon
  4519 | D:5      | Reached skill level 8 in Fighting
  4519 | D:5      | Reached skill level 5 in Summonings
  4519 | D:5      | Reached XP level 8. HP: 22/48 MP: 3/9
  4698 | D:5      | Found Xaqo's Armour Shoppe.
  4948 | D:5      | Found a burning altar of Makhleb.
  4956 | D:5      | Found a staircase to the Ecumenical Temple.
  5028 | D:5      | Found a broken altar of Ashenzari.
  5066 | D:5      | Reached *** piety under Hepliaklqana
  5495 | D:5      | Found a white marble altar of Elyvilon.
  5935 | D:6      | Reached skill level 9 in Fighting
  6493 | D:6      | Reached skill level 10 in Fighting
  6493 | D:6      | Reached XP level 9. HP: 37/55 MP: 8/10
  7220 | D:7      | Reached **** piety under Hepliaklqana
  7225 | D:7      | Noticed equiv's ghost (novice DgFi)
  7263 | D:7      | Reached skill level 11 in Fighting
  7303 | D:7      | Noticed Joseph
  7317 | D:7      | Killed Joseph
  7514 | D:7      | Found a transporter.
  7524 | D:7      | Found a transporter.
  7585 | D:7      | Noticed Pikel
  7595 | D:7      | Killed Pikel
  7596 | D:7      | Reached skill level 12 in Fighting
  7596 | D:7      | Reached skill level 5 in Polearms
  7596 | D:7      | Reached XP level 10. HP: 46/63 MP: 5/11
  8454 | D:8      | Reached skill level 13 in Fighting
  8566 | D:8      | Found Gyereitt's Antique Armour Shoppe.
  8575 | D:8      | Reached skill level 1 in Ranged Weapons
  8714 | D:8      | Found Alileneeng's Book Emporium.
  8735 | D:8      | Found Wilievill's Lightly-Used Armoury.
  8829 | D:8      | Found Avegab's Antique Weapon Emporium.
  9346 | D:9      | Reached XP level 11. HP: 71/71 MP: 8/12
  9580 | D:9      | Found an iron altar of Okawaru.
  9594 | D:9      | Reached ***** piety under Hepliaklqana
  9610 | D:9      | Noticed Maggie
  9619 | D:9      | Killed Maggie
 10428 | D:10     | Entered Level 10 of the Dungeon
 10493 | D:10     | Found a staircase to the Lair.
 10513 | D:10     | Reached skill level 14 in Fighting
 11000 | D:10     | Found a staircase to the Orcish Mines.
 11717 | D:10     | Gained mutation: You are weak. (Str -2) [potion of
                  | mutation]
 11717 | D:10     | Gained mutation: You are robust. (+10% HP) [potion of
                  | mutation]
 11717 | D:10     | Gained mutation: You have sharp fingernails. [potion of
                  | mutation]
 11718 | D:10     | Lost mutation: You are weak. (Str -2) [potion of mutation]
 11718 | D:10     | Lost mutation: You have sharp fingernails. [potion of
                  | mutation]
 11718 | D:10     | Gained mutation: You are dopey. (Int -2) [potion of
                  | mutation]
 11718 | D:10     | Gained mutation: You are partially covered in iridescent
                  | scales. (AC +2) [potion of mutation]
 11879 | D:10     | Found a basalt altar of Yredelemnul.
 12064 | D:11     | Found Dakoracu's Antique Armour Shoppe.
 12068 | D:11     | Found a blossoming altar of Fedhas.
 12240 | D:11     | Reached skill level 10 in Polearms
 12274 | D:11     | Noticed a boulder beetle
 12284 | D:11     | Killed a boulder beetle
 12520 | Lair:1   | Entered Level 1 of the Lair of Beasts
 12588 | Lair:1   | Reached skill level 15 in Fighting
 12748 | Lair:1   | Reached XP level 12. HP: 45/88 MP: 6/13
 12759 | Lair:1   | Mangled by a black mamba

Illustrated notes

Levels and vault maps discovered:
D:1:      lightli_arrival_isolated_outpost, layout_basic
D:2:      layout_loops_ring, serial_park_tiny_1, hangedman_decor_opposing,
          minmay_misc_feat_cross
D:3:      layout_basic, mainiacjoe_overflow_brackets,
          worldfamousw_hep_ancestral_shrine, grunt_qazlal_sundering,
          grunt_ministairs_2, uniq_ijyb, uniq_robin, uniq_crazy_yiuf_cottage
D:4:      layout_loops_ring, nicolae_ru_great_annihilating_truth,
          kennysheep_small_spiral, uniq_sigmund, uniq_edmund
D:5:      layout_basic, bloody_makhleb, nicolae_overflow_hidden_temple,
          nicolae_ashenzari_panopticon, minmay_temple_entry_butterflies,
          serial_shops, shop, minmay_fractal_squares_diagonal_5
D:6:      minmay_chambers_of_threes, layout_loops_ring, minmay_circle_x
D:7:      minmay_evil_eye, layout_basic, gammafunk_ghost_arena, uniq_pikel,
          uniq_joseph
D:8:      layout_basic, serial_shops, shop, shop, kennysheep_mini,
          minmay_shop_damaged
D:9:      layout_basic, overflow_temple_1_default, uniq_maggie
D:10:     layout_loops_corners, yredelemnul_forgotten_temple_becter,
          lair_entry_dummy, david_orc_3
D:11:     layout_basic, serial_shops, nicolae_shop_statue_plus, fedhas_altar_3
Lair:1:   layout_hall_layers, evilmike_ambush [evilmike_ambush_outer_doors,
          evilmike_ambush_inner_basic]

Skill      XL: |  1  2  3  4  5  6  7  8  9 10 11 |
---------------+----------------------------------+-----
Fighting       | 4 5 6 7 8 10 12 13 15 | 15.4
Summonings     | 3 5 6 8 |  8.0
Polearms       | 5 7 10 | 10.0
Ranged Weapons | 2 3 |  3.0
Dodging        | |  3.2
Stealth        | |  2.0

Action                     |  1- 3 |  4- 6 |  7- 9 | 10-12 || total
---------------------------+-------+-------+-------+-------++-------
  Melee: Spear             |    95 |    16 |    31 |   182 ||   324
         Peck              |    10 |    11 |    16 |    36 ||    73
         Kick              |    15 |    26 |    41 |    56 ||   138
         Club              |       |    66 |    95 |       ||   161
         Punch             |       |       |     2 |     2 ||     4
         Glaive            |       |       |       |    53 ||    53
   Fire: Shortbow          |       |       |       |     4 ||     4
   Cast: Summon Guardian G |       |       |     7 |    26 ||    33
 Invoke: Recall Ancestor   |       |     1 |       |     2 ||     3
         Ancestor Life: Ba |       |     1 |       |       ||     1
  Evoke: Wand              |       |     8 |    16 |       ||    24
    Use: Potion            |       |     1 |       |     4 ||     5
         Scroll            |       |       |       |    12 ||    12
   Stab: Sleeping          |     6 |     2 |    12 |     2 ||    22
         Distracted        |       |       |     2 |     5 ||     7
 Armour: Robe              |    10 |     3 |    17 |     8 ||    38
         Acid dragon scale |       |       |       |    35 ||    35
  Dodge: Dodged            |    38 |    40 |    84 |   134 ||   296

Table legend: (Time is in decaauts)
 A = Elapsed time spent in this place.
 B = Non-inter-level travel time spent in this place.
 C = Inter-level travel time spent in this place.
 D = Time resting spent in this place.
 E = Time spent auto-exploring this place.
 F = Levels seen in this place.
 G = Mean time per level.
                   A        B        C        D        E       F      G
               +--------+--------+--------+--------+--------+-----+--------+
         Total |  12265 |  11836 |    429 |   2693 |   7116 |  12 | 1022.1 |
       Dungeon |  12028 |  11599 |    429 |   2691 |   6941 |  11 | 1093.5 |
          Lair |    237 |    237 |      0 |      2 |    175 |   1 |  237.0 |
               +--------+--------+--------+--------+--------+-----+--------+

Top non-repeatable levels by time:
    D:10: 1712 daAuts
     D:3: 1404 daAuts
     D:6: 1352 daAuts
     D:9: 1306 daAuts
     D:5: 1149 daAuts
     D:4: 1060 daAuts
     D:2: 1060 daAuts
     D:1: 947 daAuts
     D:7: 905 daAuts
     D:8: 846 daAuts
    D:11: 284 daAuts
  Lair:1: 237 daAuts
